 Dungeon Crawl Stone Soup version 0.26-a0-412-ga3d1f51b80 (webtiles) character file.

Game seed: 7970944379993530553

448 KristoblXynda the Ruffian (level 6, -1/53 HPs)
             Began as a Troll Hedge Wizard on July 24, 2020.
             Was a Follower of Ashenzari.
             Slain by an ogre
             ... wielding a +0 giant club
              (20 damage)
             ... on level 3 of the Dungeon.
             The game lasted 00:05:34 (2637 turns).

KristoblXynda the Ruffian (Troll Hedge Wizard)      Turns: 2637, Time: 00:05:34

Health: -1/53      AC:  9    Str: 19    XL:     6   Next: 73%
Magic:  8/8        EV: 11    Int: 12    God:    Ashenzari [*.....]
Gold:   230        SH:  0    Dex:  9    Spells: 5/9 levels left

rFire    . . .     SeeInvis +     - Unarmed
rCold    . . .     Faith    .   (no shield)
rNeg     . . .     Spirit   .   b - +0 robe
rPois    .         Reflect  .   o - +2 hat (curse)
rElec    .         Harm     .   k - +0 cloak
rCorr    .                      (gloves unavailable)
MR       .....                  (boots unavailable)
Stlth    +.........             (no amulet)
HPRegen  0.57/turn              m - ring of see invisible
MPRegen  0.11/turn              (no ring)

@: no status effects
A: large, unfitting armour, claws 3, regeneration 1, shaggy fur 1, tough skin 3
a: Curse Item, Scrying, Renounce Religion


You were on level 3 of the Dungeon.
You worshipped Ashenzari.
Ashenzari was aware of your devotion.
You visited 1 branch of the dungeon, and saw 4 of its levels.

You collected 230 gold pieces.

Inventory:

Armour
 b - a +0 robe (worn)
 k - a +0 cloak (worn)
 o - a cursed +2 hat (worn)
Jewellery
 m - a ring of see invisible (left claw)
Wands
 c - a wand of random effects (11)
 q - a wand of iceblast (10)
Scrolls
 h - 2 scrolls of immolation {unknown}
 p - a scroll of teleportation {unknown}
Potions
 a - 8 potions of curing
 d - 2 potions of stabbing
 e - a potion of might {unknown}
 f - a potion of brilliance {unknown}
 g - 2 potions of heal wounds {unknown}
 i - a potion of mutation {unknown}
 j - 4 potions of flight
 l - a potion of magic {unknown}
 n - 2 potions of berserk rage {unknown}


   Skills:
 + Level 3.6 Dodging
 - Level 1.0 Stealth
 + Level 3.8 Unarmed Combat
 - Level 2.0 Spellcasting
 + Level 3.0 Conjurations
   Level 0.6 Summonings
   Level 0.6 Translocations


You had 5 spell levels left.
You knew the following spells:

 Your Spells              Type           Power        Failure   Level
a - Magic Dart            Conj           #...         8%          1
b - Mephitic Cloud        Conj/Pois/Air  #.......     47%         3

Your spell library contained the following spells:

 Spells                   Type           Power        Failure   Level
 Blink                    Tloc           N/A          32%         2
 Call Imp                 Summ           #.......     32%         2
 Slow                     Hex            #.......     38%         2
 Conjure Flame            Conj/Fire      #.......     41%         3


Dungeon Overview and Level Annotations

Branches:
Dungeon (4/15)             Temple (0/1) D:4

Altars:
Ashenzari
Trog
Zin


Innate Abilities, Weirdness & Mutations

You are too large for most types of armour.
You have claws for hands.
Your natural rate of healing is unusually fast.
You are covered in fur. (AC +1)
You have extremely tough skin. (AC +3)


Message History

You are too injured to fight recklessly!
You are too injured to fight recklessly!
You are too injured to fight recklessly!
Unknown command.
There is an open door here.
There is a stone staircase leading up here.
There is a stone staircase leading up here.
The gnoll misses you. The ogre closely misses you.
There is a stone staircase leading up here.
You climb upwards.
There is a stone staircase leading down here.
You barely miss the ogre. You barely miss the ogre.
The ogre hits you with a +0 giant club.
You scratch the ogre.
The ogre is lightly wounded.
The ogre barely misses you.
You scratch the ogre.
The ogre is moderately wounded.
The ogre hits you with a +0 giant club!!
You die...

.##### #............### #...#
.....# #.#.#..........## #...#
####.###.#.####[...##..# ##...#
#...#.#..###....###.###...##
##..).##....##...##..#..#.##
#####...######...#.).##.#..#..#
......#.########...[........#.#
......#...>..#####..........#.##
.#########.....O@...........#..##
.#.# #.###......##.#.............
.#..##.)##....#....##......###.##
.#...##.##....##.#.)<....#..##...
.#...##.##...###...##..#.........
.#.P.#............^......#...###<
##P..#........#..####.#..########
P.P..#......[)..####..#### #..P##
##P #....##)####........# ...P.


You could see an ogre.

Vanquished Creatures
  Sigmund (D:3)
  An orc priest (D:3)
  Crazy Yiuf (D:3)
  2 hounds (D:4)
  Terence (D:3)
  2 gnolls (D:4)
  3 adders
  2 oozes
  2 worms
  A dart slug (D:3)
  A leopard gecko (D:1)
  12 orcs (D:3)
  4 giant cockroaches
  4 goblins
  11 hobgoblins
  8 jackals
  A quokka (D:4)
  A ball python (D:3)
  12 bats
  5 frilled lizards
  A jackal skeleton (D:3)
  6 kobolds
  8 rats
90 creatures vanquished.

Notes
Turn   | Place    | Note
-------+----------+-------------------------------------------
     0 | D:1      | KristoblXynda the Troll Hedge Wizard began the quest for
                  | the Orb.
     0 | D:1      | Reached XP level 1. HP: 16/16 MP: 2/2
   116 | D:1      | Reached skill level 1 in Conjurations
   117 | D:1      | Reached XP level 2. HP: 23/24 MP: 4/4
   194 | D:1      | Reached skill level 1 in Unarmed Combat
   719 | D:2      | Reached XP level 3. HP: 29/31 MP: 5/5
   777 | D:2      | Found a bloodstained altar of Trog.
  1289 | D:2      | Found a glowing silver altar of Zin.
  1383 | D:3      | Noticed Terence
  1391 | D:3      | Killed Terence
  1391 | D:3      | Reached XP level 4. HP: 37/39 MP: 6/6
  1515 | D:3      | Found a runed translucent door.
  1516 | D:3      | Noticed Crazy Yiuf
  1528 | D:3      | Killed Crazy Yiuf
  1528 | D:3      | Reached XP level 5. HP: 36/45 MP: 7/7
  1652 | D:3      | Learned a level 3 spell: Mephitic Cloud
  1868 | D:3      | Found a shattered altar of Ashenzari.
  1869 | D:3      | Noticed Sigmund
  1884 | D:3      | Killed Sigmund
  1884 | D:3      | Reached XP level 6. HP: 38/53 MP: 8/8
  1921 | D:3      | Became a worshipper of Ashenzari the Shackled
  2228 | D:4      | Found a staircase to the Ecumenical Temple.
  2494 | D:4      | Reached * piety under Ashenzari
  2637 | D:3      | Slain by an ogre

Illustrated notes

Levels and vault maps discovered:
D:1:      saegor_arrival_miasma, layout_basic
D:2:      layout_rooms, lemuel_doored_altar, zin_academy, serial_bayou_ford_a
D:3:      layout_rooms, serial_aquarium, aquarium_bridge_square
          [aquarium_subvault_balcony, aquarium_subvault_window,
          aquarium_subvault_bridge, aquarium_subvault_wall], aquarium_window_2,
          aquarium_window_1, aquarium_window_1, aquarium_view_2f,
          aquarium_view_2a, aquarium_pool_2, cheibrodos_ashenzari_chains,
          uniq_crazy_yiuf_cottage, uniq_sigmund, uniq_terence
D:4:      layout_gridville, fedhas_altar_3, minmay_temple_entry_mini_moons

Skill      XL: |  1  2  3  4  5  6 |
---------------+-------------------+-----
Conjurations   | 1 2 3 |  3.0
Unarmed Combat | 1 2 3 |  3.8
Dodging        | 2 3 |  3.6
Stealth        | |  1.0
Spellcasting   | |  2.0
Summonings     | |  0.6
Translocations | |  0.6

Action                   |  1- 3 |  4- 6 || total
-------------------------+-------+-------++-------
Melee: Unarmed           |   250 |   170 ||   420
       Punch             |       |     2 ||     2
 Cast: Magic Dart        |       |     1 ||     1
Invok: Curse Item        |       |     1 ||     1
  Use: Scroll            |     2 |     3 ||     5
 Stab: Sleeping          |     1 |     2 ||     3
Armor: Robe              |   153 |    72 ||   225
Dodge: Dodged            |   187 |    89 ||   276

Table legend: (Time is in decaauts)
 A = Elapsed time spent in this place.
 B = Non-inter-level travel time spent in this place.
 C = Inter-level travel time spent in this place.
 D = Time resting spent in this place.
 E = Time spent auto-exploring this place.
 F = Levels seen in this place.
 G = Mean time per level.
                   A        B        C        D        E       F      G
               +--------+--------+--------+--------+--------+-----+--------+
         Total |   2619 |   2557 |     62 |     46 |   1564 |   4 |  654.8 |
       Dungeon |   2619 |   2557 |     62 |     46 |   1564 |   4 |  654.8 |
               +--------+--------+--------+--------+--------+-----+--------+

Top non-repeatable levels by time:
     D:3: 804 daAuts
     D:2: 692 daAuts
     D:1: 662 daAuts
     D:4: 459 daAuts
